 Dungeon Crawl Stone Soup version 0.25-a0-294-gea9b1ad378 (webtiles) character file.

Game seed: 12981642836594131929, levelgen mode: deterministic

368 Goblin1989 the Magician (level 6, -1/44 HPs)
             Began as a Gnoll Wizard on Dec 17, 2019.
             Was an Initiate of Vehumet.
             Killed from afar by an orc wizard (10 damage)
             ... with a puff of frost
             ... on level 4 of the Dungeon.
             The game lasted 00:10:13 (5703 turns).

Goblin1989 the Magician (Gnoll Wizard)              Turns: 5703, Time: 00:10:14

Health: -1/44      AC:  2    Str: 10    XL:     6   Next: 69%
Magic:  3/16       EV: 14    Int: 22    God:    Vehumet [......]
Gold:   117        SH:  0    Dex: 13    Spells: 1/19 levels left

rFire    . . .     SeeInvis .   q - +0 short sword
rCold    . . .     Gourm    .   (no shield)
rNeg     . . .     Faith    .   a - +0 robe
rPois    .         Spirit   .   b - +0 hat
rElec    .         Reflect  .   (no cloak)
rCorr    .         Harm     .   (no gloves)
MR       .....                  (no boots)
Stlth    +++.......             (no amulet)
HPRegen  0.14/turn              (no ring)
MPRegen  0.15/turn              (no ring)

@: confusing touch
A: distributed training, fangs 1, strong nose
a: Renounce Religion


You were on level 4 of the Dungeon.
You worshipped Vehumet.
Vehumet was noncommittal.
You were hungry.

You visited 2 branches of the dungeon, and saw 5 of its levels.

You collected 117 gold pieces.

Inventory:

Hand Weapons
 q - a +0 short sword (weapon)
 y - a +0 rapier
 C - a +0 hunting sling
Missiles
 l - 58 sling bullets
 o - 79 stones (quivered) {@Q3}
 p - 42 arrows
 H - 11 poisoned darts
Armour
 a - a +0 robe (worn)
 b - a +0 hat (worn)
 A - a +0 helmet
 E - a +0 cloak
Jewellery
 w - an uncursed ring of magical power {unknown}
 I - an uncursed ring of flight {unknown}
Wands
 K - a wand of digging (4) {@v1}
Scrolls
 h - 5 scrolls of remove curse {unknown}
 i - 2 scrolls of identify {unknown}
 n - 2 scrolls of fog {unknown}
 t - a scroll of enchant weapon {unknown}
 x - 4 scrolls of teleportation {unknown}
 G - a scroll of magic mapping {unknown}
Potions
 f - 2 potions of haste
 j - a potion of brilliance
 k - a potion of curing {unknown}
 r - a potion of lignification {unknown}
 u - a potion of cancellation {unknown}
 z - a potion of flight
 D - a potion of invisibility {unknown}
 M - a potion of degeneration {unknown}
 N - a potion of resistance {@q6}
Comestibles
 e - 8 rations


   Skills:
 + Level 2.0 Fighting
 + Level 2.0 Short Blades
 + Level 2.0 Long Blades
 + Level 2.0 Axes
 + Level 2.0 Maces & Flails
 + Level 2.0 Polearms
 + Level 2.0 Staves
 + Level 2.0 Slings
 + Level 2.0 Bows
 + Level 2.0 Crossbows
 + Level 2.0 Throwing
 + Level 2.0 Armour
 + Level 5.0 Dodging
 + Level 4.6 Stealth
 + Level 2.0 Shields
 + Level 2.0 Unarmed Combat
 + Level 7.4 Spellcasting
 + Level 2.6 Conjurations
 + Level 1.6 Hexes
 + Level 1.6 Charms
 + Level 2.6 Summonings
 + Level 1.6 Necromancy
 + Level 2.6 Translocations
 + Level 1.6 Transmutations
 + Level 1.6 Fire Magic
 + Level 1.6 Ice Magic
 + Level 1.6 Air Magic
 + Level 1.6 Earth Magic
 + Level 1.6 Poison Magic
 + Level 2.2 Invocations
 + Level 2.0 Evocations


You had one spell level left.
You knew the following spells:

 Your Spells              Type           Power        Failure   Level  Hunger
a - Magic Dart            Conj           ###.         2%          1    None
b - Call Imp              Summ           ###.....     4%          2    None
c - Confusing Touch       Hex            ###...       4%          1    None
d - Blink                 Tloc           N/A          4%          2    None
e - Gell's Gravitas       Tloc           ###.......   8%          3    None
j - Conjure Flame         Conj/Fire      ###.....     10%         3    None
m - Mephitic Cloud        Conj/Pois/Air  ###.....     11%         3    None
x - Confuse               Hex            ###.....     12%         3    None

Your spell library contained the following spells:

 Spells                   Type           Power        Failure   Level  Hunger
 Slow                     Hex            ###.....     6%          2    None
 Petrify                  Tmut/Erth      ###.....     38%         4    ###....
 Metabolic Englaciation   Hex/Ice        ###.......   75%         5    #####..
 Yara's Violent Unravell  Hex/Tmut       ###.......   75%         5    #####..


Dungeon Overview and Level Annotations

Branches:
Dungeon (4/15)             Temple (1/1) D:4

Altars:
Ashenzari
Cheibriados
Dithmenos
Gozag
Hepliaklqana
Kikubaaqudgha
Nemelex Xobeh
Qazlal
Ru
Sif Muna
Trog
Vehumet
Wu Jian
Yredelemnul
The Shining One


Innate Abilities, Weirdness & Mutations

Your experience applies equally to all skills.
You have very sharp teeth.
Your uncanny sense of smell can sniff out nearby items.


Message History

Aim: an orc wizard, wielding a +0 dagger and wearing a +0 robe (heavily wounded)
The magic dart hits the orc wizard.
The orc wizard is severely wounded.
You hear some strange, mumbled words.
Casting: Magic Dart (safe; 2% risk of failure)
Confirm with . or Enter, or press ? or * to list all spells.
Aiming: Magic Dart (safe; 2% risk of failure)
Press: ? - help, Shift-Dir - straight line, f/p - orc wizard
Aim: an orc wizard, wielding a +0 dagger and wearing a +0 robe (severely wounded)
The magic dart hits the orc wizard.
The orc wizard is almost dead.
The orc wizard casts a spell.
The orc wizard flickers and vanishes!
You now have 1/16 mp.
Casting: Magic Dart (safe; 2% risk of failure)
Confirm with . or Enter, or press ? or * to list all spells.
You can't see any susceptible monsters within range! (Use Z to cast anyway.)
Casting: Magic Dart (safe; 2% risk of failure)
Confirm with . or Enter, or press ? or * to list all spells.
You can't see any susceptible monsters within range! (Use Z to cast anyway.)
Casting: Magic Dart (safe; 2% risk of failure)
Confirm with . or Enter, or press ? or * to list all spells.
You can't see any susceptible monsters within range! (Use Z to cast anyway.)
You hit something. Vehumet accepts your kill.
Reactivating autopickup.
You feel a bit more experienced.
A puff of flame appears from out of thin air!
Deactivating autopickup; reactivate with Ctrl-A.
The puff of flame misses you.
Unknown command.
You hear some strange, mumbled words.
A puff of frost appears from out of thin air!
The puff of frost misses you.
Things that are here:
a +0 dagger; a +0 robe You hit something but do no damage.
Something hits you. Something barely misses you.
You take 1 damage, and have 23/44 hp.
You closely miss something. Something hits you.
You take 2 damage, and have 21/44 hp.
You completely miss something.
You hear some strange, mumbled words.
A magic dart appears from out of thin air!
The magic dart hits you.
* * * LOW HITPOINT WARNING * * *
You take 4 damage, and have 17/44 hp.
You hit something but do no damage. Something hits you.
* * * LOW HITPOINT WARNING * * *
You take 3 damage, and have 14/44 hp.
You barely miss something. You bite something. Something hits you.
* * * LOW HITPOINT WARNING * * *
You hear some strange, mumbled words.
A magic dart appears from out of thin air!
The magic dart hits you!
* * * LOW HITPOINT WARNING * * *
You take 9 damage, and have 5/44 hp.
MASSIVE DAMAGE!!
Casting: Magic Dart (safe; 2% risk of failure)
Confirm with . or Enter, or press ? or * to list all spells.
You can't see any susceptible monsters within range! (Use Z to cast anyway.) Unknown command.
You feel much better. Something hits you.
You regained 30 hp, and now have 35/44 hp.
Unknown command.
You miss something. Something hits you but does no damage.
Something barely misses you.
You miss something. Your bite misses something.
Something hits you but does no damage.
You miss something. Something hits you.
You take 2 damage, and have 34/44 hp.
You miss something. Something hits you.
You take 3 damage, and have 31/44 hp.
You hit something. Something hits you but does no damage. Something hits you.
You take 2 damage, and have 29/44 hp.
You barely miss something. You bite something.
Something hits you but does no damage.
You hit something. You bite something. Something hits you. x2
You take 4 damage, and have 25/44 hp.
You barely miss something. You bite something. Something hits you.
You take 2 damage, and have 23/44 hp.
You barely miss something.
You hear some strange, mumbled words.
A puff of flame appears from out of thin air!
The puff of flame hits you!
* * * LOW HITPOINT WARNING * * *
Something hits you.
* * * LOW HITPOINT WARNING * * *
You take 13 damage, and have 10/44 hp.
MASSIVE DAMAGE!!
Casting: Magic Dart (safe; 2% risk of failure)
Confirm with . or Enter, or press ? or * to list all spells.
Your hands begin to glow red.
Something hits you.
* * * LOW HITPOINT WARNING * * *
You take 1 damage, and have 9/44 hp.
You now have 3/16 mp.
Unknown command.
You barely miss something.
You are feeling hungry.
You hear some strange, mumbled words.
A puff of frost appears from out of thin air!
The puff of frost hits you!
You die... █.█████ .... █.█.███.█ ......█ .... █.......█ ...██.█ .... █.█.█████ ....█.█ ∆.....██.█.█ ....█.█ .......>..█ ....█.█ ██.███.███ ....█.█ █. █.█ ......█ .█..██.███.█ ██████

......██....^..{@..█
█████.....
.██.█..........█████
█..██.████
.██.█>█........
██.....████
[██.........█..
█...██.█..)
...██.█.... █.?
██.█.██.█.██ .█.█ .█
█.. █))
██..█........
.....)█ .......
██..███..█████
.█.██.. (..███
███..██ ██..█ ...██
██ █...█ █...██
██..█


There were no monsters in sight!

Vanquished Creatures
  A scorpion (D:4)
  A hound (D:3)
  An orc priest (D:4)
  An iguana (D:2)
  An orc wizard (D:4)
  A worker ant (D:4)
  Robin (D:2)
  4 adders
  An ooze (D:2)
  4 worms
  4 dart slugs
  4 leopard geckos
  13 orcs
  3 giant cockroaches
  16 goblins
  12 hobgoblins
  2 jackals (D:4)
  11 kobolds
  7 bats
  2 frilled lizards
  14 rats
104 creatures vanquished.

Notes
Turn   | Place    | Note
-------+----------+-------------------------------------------
     0 | D:1      | Goblin1989 the Gnoll Wizard began the quest for the Orb.
     0 | D:1      | Reached XP level 1. HP: 13/13 MP: 8/8
   171 | D:1      | Reached XP level 2. HP: 19/19 MP: 3/10
   175 | D:1      | Learned a level 2 spell: Call Imp
   178 | D:1      | Learned a level 2 spell: Blink
   670 | D:1      | Reached XP level 3. HP: 25/25 MP: 7/11
  1531 | D:2      | Reached skill level 1 in Invocations
  1580 | D:2      | Reached skill level 1 in Fighting
  1580 | D:2      | Reached skill level 1 in Short Blades
  1580 | D:2      | Reached skill level 1 in Long Blades
  1580 | D:2      | Reached skill level 1 in Axes
  1580 | D:2      | Reached skill level 1 in Maces & Flails
  1580 | D:2      | Reached skill level 1 in Polearms
  1580 | D:2      | Reached skill level 1 in Staves
  1580 | D:2      | Reached skill level 1 in Slings
  1580 | D:2      | Reached skill level 1 in Bows
  1580 | D:2      | Reached skill level 1 in Crossbows
  1580 | D:2      | Reached skill level 1 in Throwing
  1580 | D:2      | Reached skill level 1 in Armour
  1580 | D:2      | Reached skill level 1 in Shields
  1580 | D:2      | Reached skill level 1 in Unarmed Combat
  1580 | D:2      | Reached skill level 1 in Evocations
  1580 | D:2      | Reached XP level 4. HP: 26/32 MP: 3/13
  1899 | D:2      | Found an opulent altar of Gozag.
  2185 | D:2      | Noticed Robin
  2220 | D:2      | Reached skill level 1 in Hexes
  2220 | D:2      | Reached skill level 1 in Charms
  2220 | D:2      | Reached skill level 1 in Necromancy
  2220 | D:2      | Reached skill level 1 in Transmutations
  2220 | D:2      | Reached skill level 1 in Fire Magic
  2220 | D:2      | Reached skill level 1 in Ice Magic
  2220 | D:2      | Reached skill level 1 in Air Magic
  2220 | D:2      | Reached skill level 1 in Earth Magic
  2220 | D:2      | Reached skill level 1 in Poison Magic
  2499 | D:2      | Killed Robin
  2951 | D:3      | Reached XP level 5. HP: 37/37 MP: 5/14
  2956 | D:3      | Learned a level 3 spell: Conjure Flame
  2958 | D:3      | Learned a level 1 spell: Confusing Touch
  2962 | D:3      | Learned a level 3 spell: Confuse
  3509 | D:3      | Found a sparkling altar of Nemelex Xobeh.
  4270 | D:4      | Reached XP level 6. HP: 43/44 MP: 6/16
  4552 | D:4      | Found a glowing golden altar of the Shining One.
  4570 | D:4      | Found a staircase to the Ecumenical Temple.
  4577 | Temple   | Entered the Ecumenical Temple
  4639 | Temple   | Became a worshipper of Vehumet
  5210 | D:4      | HP: 2/44 [poisoned by a scorpion]
  5213 | D:4      | Reached skill level 5 in Dodging
  5670 | D:4      | Learned a level 3 spell: Mephitic Cloud
  5674 | D:4      | Learned a level 3 spell: Gell's Gravitas
  5703 | D:4      | Killed from afar by an orc wizard

Levels and vault maps discovered:
D:1:      doesnt_arrival_eight_statues, layout_loops_ring,
          minmay_indecisive_spiral
D:2:      minmay_evil_eye, layout_basic, lemuel_doored_altar, first_ration,
          uniq_robin
D:3:      cheibrodos_old_hovel, layout_basic, nemelex_xobeh_ov_fountains_minmay
D:4:      layout_loops_cross, tso_metal_star, minmay_temple_entry_tees
Temple:   dshaligram_water_room_temple

Skill      XL: |  1  2  3  4  5  6 |
---------------+-------------------+-----
Conjurations   | 2 |  2.6
Summonings     | 2 |  2.6
Translocations | 2 |  2.6
Invocations    | 1 2 |  2.2
Fighting       | 1 2 |  2.0
Short Blades   | 1 2 |  2.0
Long Blades    | 1 2 |  2.0
Axes           | 1 2 |  2.0
Maces & Flails | 1 2 |  2.0
Polearms       | 1 2 |  2.0
Staves         | 1 2 |  2.0
Slings         | 1 2 |  2.0
Bows           | 1 2 |  2.0
Crossbows      | 1 2 |  2.0
Throwing       | 1 2 |  2.0
Armour         | 1 2 |  2.0
Shields        | 1 2 |  2.0
Unarmed Combat | 1 2 |  2.0
Evocations     | 1 2 |  2.0
Hexes          | 1 |  1.6
Charms         | 1 |  1.6
Necromancy     | 1 |  1.6
Transmutations | 1 |  1.6
Fire Magic     | 1 |  1.6
Ice Magic      | 1 |  1.6
Air Magic      | 1 |  1.6
Earth Magic    | 1 |  1.6
Poison Magic   | 1 |  1.6
Dodging        | 5 |  5.0
Stealth        | |  4.6
Spellcasting   | |  7.4

Action                   |  1- 3 |  4- 6 || total
-------------------------+-------+-------++-------
Melee: Short sword       |       |    48 ||    48
       Bite              |       |     8 ||     8
       Punch             |       |     1 ||     1
 Cast: Magic Dart        |    90 |   218 ||   308
       Confusing Touch   |       |     5 ||     5
       Gell's Gravitas   |       |     4 ||     4
  Use: Potion            |       |     6 ||     6
 Stab: Confused          |       |     1 ||     1
  Eat: Ration            |     1 |     1 ||     2
       Chunk             |       |     7 ||     7
Armor: Robe              |     3 |    13 ||    16
Dodge: Dodged            |    11 |    55 ||    66

Table legend:
 A = Non-vault XP
 B = Vault XP
 C = Vault XP percentage of total XP
 D = Non-vault monster count
 E = Vault monster count
 F = Vault count percentage of total count
                 A         B        C        D         E       F
            +---------+---------+-------+---------+---------+-------
      Total |     474 |      52 |   9.9 |      85 |      19 |  18.3
            +---------+---------+-------+---------+---------+-------
        D:1 |      35 |       8 |  18.6 |      21 |       4 |  16.0
        D:2 |      73 |      43 |  37.1 |      19 |      14 |  42.4
        D:3 |     120 |       1 |   0.8 |      26 |       1 |   3.7
        D:4 |     246 |       0 |   0.0 |      19 |       0 |   0.0
            +---------+---------+-------+---------+---------+-------

Levels and vault maps discovered:
D:1:      doesnt_arrival_eight_statues, layout_loops_ring,
          minmay_indecisive_spiral
D:2:      minmay_evil_eye, layout_basic, lemuel_doored_altar, first_ration,
          uniq_robin
D:3:      cheibrodos_old_hovel, layout_basic, nemelex_xobeh_ov_fountains_minmay
D:4:      layout_loops_cross, tso_metal_star, minmay_temple_entry_tees
Temple:   dshaligram_water_room_temple
